 Dungeon Crawl Stone Soup version 0.30-a0-1074-g5db6f66fbb (webtiles) character file.

Game seed: 12361771822109395073

14 BlueFish the Insei (level 2, 0/18 HPs)
             Began as an Octopode Transmuter on Apr 13, 2023.
             Slain by a quokka (3 damage)
             ... on level 1 of the Dungeon.
             The game lasted 00:00:51 (395 turns).

BlueFish the Insei (Octopode Transmuter)             Turns: 395, Time: 00:00:52

Health: 0/18       AC:  1    Str:  9    XL:     2   Next: 45%
Magic:  5/5        EV: 13    Int: 15    God:
Gold:   23         SH:  0    Dex: 12    Spells: 4/5 levels left

rFire   . . .      SeeInvis .      - Unarmed
rCold   . . .      Faith    .    (no shield)
rNeg    . . .      Spirit   .    (helmet restricted)
rPois   .          Reflect  .    (no amulet)
rElec   .          Rampage  .    (no ring)
rCorr   .                        (no ring)
Will    .....                    (no ring)
Stlth   +++                      (no ring)
HPRegen 0.23/turn                (no ring)
MPRegen 0.09/turn                (no ring)
                                 (no ring)
                                 (no ring)

@: no status effects
A: almost no armour, amphibious, 8 rings, camouflage 1, gelatinous body 1,
(nimble swimmer 1), tentacles
a: no special abilities


You were on level 1 of the Dungeon.
You visited 1 branch of the dungeon, and saw 1 of its levels.

You collected 23 gold pieces.

Inventory:

Missiles
 b - 14 stones
 f - 6 boomerangs
 k - 2 poisoned darts
Scrolls
 d - 2 scrolls of identify {unknown}
 e - a scroll of fog {unknown}
 g - a scroll of butterflies {unknown}
 h - a scroll of immolation {unknown}
 i - a scroll of teleportation {unknown}
 j - a scroll of enchant armour {unknown}
Potions
 a - 2 potions of lignification
 c - a potion of might {unknown}
 l - a potion of degeneration {unknown}


   Skills:
 + Level 1.2 Fighting
 + Level 2.0 Dodging
 * Level 1.7 Stealth
 + Level 3.1 Unarmed Combat
 + Level 2.1 Spellcasting
 + Level 2.1 Transmutations


You had 4 spell levels left.
You knew the following spells:

 Your Spells              Type           Power      Damage    Failure   Level
a - Beastly Appendage     Tmut           16%        N/A       9%          1

Your spell library contained the following spells:

 Spells                   Type           Power      Damage    Failure   Level
 Wereblood                Tmut           8%         N/A       14%         2
 Spider Form              Tmut/Pois      4%         N/A       38%         3
 Ice Form                 Ice/Tmut       4%         N/A       80%         4


Dungeon Overview and Level Annotations

Branches:
Dungeon (1/15)

Altars:


Innate Abilities, Weirdness & Mutations

You cannot wear most types of armour.
You are amphibious.
You can wear up to eight rings at the same time.
Your skin changes colour to match your surroundings (Stealth+).
Your rubbery body absorbs attacks. (AC +1, EV +1)
((You are camouflaged when in or above water. (Stealth+)))
You have tentacles for arms and can constrict up to eight enemies at once.


Message History

You see here a ball python corpse.
l - a black potion A rat and a quokka come into view.
The quokka misses you.
You miss the quokka. Your grab misses the quokka.
The quokka closely misses you.
You tentacle-slap the quokka. You grab the quokka.
The quokka is heavily wounded.
You constrict the quokka. The quokka barely misses you.
You barely miss the quokka.
The quokka is severely wounded.
You constrict the quokka, but do no damage.
The quokka bites you.
You release your grip on the quokka.
The quokka bites you.
You barely miss the rat. You grab the rat. Your squeeze misses the rat.
You constrict the rat. The quokka closely misses you. The rat bites you.
The quokka bites you.
* * * LOW HITPOINT WARNING * * *
You barely miss the quokka. Your grab misses the quokka.
Your squeeze misses the quokka.
The quokka is severely wounded.
You constrict the rat. The rat barely misses you.
The quokka closely misses you.
You closely miss the quokka. Your grab misses the quokka.
Your squeeze misses the quokka.
The quokka is severely wounded.
You constrict the rat.
You kill the rat!
The quokka bites you.
* * * LOW HITPOINT WARNING * * *
You tentacle-slap the quokka but do no damage.
Your grab misses the quokka. Your squeeze misses the quokka.
The quokka is severely wounded.
The quokka closely misses you.
You tentacle-slap the quokka but do no damage.
Your grab misses the quokka.
You squeeze the quokka, but do no damage.
The quokka is severely wounded.
The quokka bites you.
You die...

#.....................##..
#.....................##.#
#.......##....##.......#.#
#......#.##..##.#........#
#)....#.#.#..#.#.#....##.#
#.....##.#....#.##.....#.#
#....#.##......##.#......'
#...#.#.r........#.#...###
#... #...@........##..## #
#..#................#. #
................. . #
##..#.########## # #....
#.### #


You could see a quokka.

Vanquished Creatures
  A bat (D:1)
  2 giant cockroaches (D:1)
  A hobgoblin (D:1)
  A kobold (D:1)
  A quokka (D:1)
  4 ball pythons (D:1)
  2 frilled lizards (D:1)
  3 rats (D:1)
15 creatures vanquished.

Notes
Turn   | Place    | Note
-------+----------+-------------------------------------------
     0 | D:1      | BlueFish the Octopode Transmuter began the quest for the
                  | Orb.
     0 | D:1      | Reached XP level 1. HP: 13/13 MP: 3/3
   143 | D:1      | Reached skill level 1 in Stealth
   159 | D:1      | Reached XP level 2. HP: 18/18 MP: 5/5
   395 | D:1      | Slain by a quokka

Illustrated notes

Levels and vault maps discovered:
D:1:      doesnt_arrival_eight_statues, layout_basic, serial_park_tiny_pond,
          minmay_misc_feat_secret_circle

Skill      XL: |  1 |
---------------+----+-----
Stealth        | 1 |  1.7
Fighting       | |  1.2
Dodging        | |  2.0
Unarmed Combat | |  3.1
Spellcasting   | |  2.1
Transmutations | |  2.1

Action                     || total
---------------------------++-------
  Melee: Unarmed           ||    31
         Constrict         ||     7
         Tentacles         ||     7
         Punch             ||     1
   Cast: Beastly Appendage ||     1
   Stab: Sleeping          ||     5
  Dodge: Dodged            ||    21

Table legend: (Time is in decaauts)
 A = Elapsed time spent in this place.
 B = Non-inter-level travel time spent in this place.
 C = Inter-level travel time spent in this place.
 D = Time resting spent in this place.
 E = Time spent auto-exploring this place.
 F = Levels seen in this place.
 G = Mean time per level.
                   A        B        C        D        E       F      G
               +--------+--------+--------+--------+--------+-----+--------+
         Total |    392 |    392 |      0 |      0 |    247 |   1 |  392.0 |
       Dungeon |    392 |    392 |      0 |      0 |    247 |   1 |  392.0 |
               +--------+--------+--------+--------+--------+-----+--------+

Top non-repeatable levels by time:
     D:1: 392 daAuts
